 Dungeon Crawl Stone Soup version 0.30.1-11-g7821555f0a (webtiles) character file.

Game seed: 16530840446658072327

2581 lonewolfV2 the Fighter (level 9, -21/79 HPs)
             Began as a Formicid Fighter on Nov 17, 2023.
             Demolished by a death knight
             ... wielding a +0 battleaxe
              (22 damage)
             ... on level 7 of the Dungeon.
             The game lasted 00:09:14 (6237 turns).

lonewolfV2 the Fighter (Formicid Fighter)           Turns: 6237, Time: 00:09:14

Health: -21/79     AC: 16    Str: 29    XL:     9   Next: 88%
Magic:  9/9        EV:  7    Int:  8    God:
Gold:   846        SH:  0    Dex: 15    Spells: 8/8 levels left

rFire   + . .        a - +1 war axe
rCold   . . .        c - +1 buckler
rNeg    . . .        n - +2 plate armour {rF+}
rPois   .            (helmet unavailable)
rElec   .            (no cloak)
rCorr   +            r - +2 pair of gloves {infuse}
SInv    +            (no boots)
Will    .....        j - amulet of reflection Stlth
                     l - ring of resist corrosion
HPRegen 0.33/turn    p - +6 ring of strength
MPRegen 0.11/turn

%: reflection, infuse magic (1 MP)
@: confused, mighty, ambrosia-drunk, invisible
A: permanent stasis, dig shafts and tunnels, antennae 3, four strong arms
a: Dig, Shaft Self


You were on level 7 of the Dungeon.
You visited 1 branch of the dungeon, and saw 7 of its levels.

You collected 1336 gold pieces.
You spent 490 gold pieces at shops.

Inventory:

Hand Weapons
 a - a +1 war axe (weapon)
 v - a +4 dire flail of protection
Armour
 c - a +1 buckler (worn)
 n - a +2 plate armour of fire resistance (worn)
 r - a +2 pair of gloves of infusion (worn)
Jewellery
 j - an amulet of reflection (around neck)
 l - a ring of resist corrosion (left hand)
 p - a +6 ring of strength (right hand)
 y - a ring of willpower
Wands
 m - a wand of polymorph (9)
Scrolls
 g - a scroll of fear
 u - a scroll of noise {unknown}
Potions
 b - 2 potions of degeneration {unknown}
 d - a potion of magic {unknown}
 e - 2 potions of mutation
 f - a potion of ambrosia
 h - a potion of attraction
 i - 5 potions of curing
 k - a potion of cancellation {unknown}
 q - a potion of brilliance {unknown}
 s - 3 potions of heal wounds {unknown}
 t - 2 potions of lignification {unknown}
 A - a potion of flight {unknown}


   Skills:
 + Level 10.4 Fighting
 + Level 9.3 Axes
 - Level 3.2 Armour
 - Level 4.0 Shields


You had 8 spell levels left.
You didn't know any spells.
Your spell library contained the following spells:

 Spells                   Type           Power      Damage    Failure   Level
 Sandblast                Erth           0%         2d4       99%         1
 Passwall                 Tmut/Erth      0%         N/A       100%        2
 Stone Arrow              Conj/Erth      0%         3d7       100%        3
 Borgnjor's Revivificati  Necr           0%         N/A       100%        8
 Necromutation            Tmut/Necr      0%         N/A       100%        8
 Death's Door             Necr           0%         N/A       100%        9


Dungeon Overview and Level Annotations

Branches:
Dungeon (7/15)
 Temple: D:4-7

Altars:
Cheibriados
Dithmenos
Elyvilon
Wu Jian
Yredelemnul

Shops:
D:1 [   D:3 (


Innate Abilities, Weirdness & Mutations

You cannot be hasted, slowed, berserked, paralysed or teleported.
You can dig through walls and to a lower floor.
You have a pair of large antennae on your head. (SInv)
Your four strong arms can wield two-handed weapons with a shield.


Message History

The orc warrior hits you from afar with a +4 trident.
The death knight invokes the aid of Yredelemnul against you.
You struggle to resist.
The cyclops hits you!!
You hear a shout! x2
You slash the death knight!
The death knight is moderately wounded.
You barely miss the cyclops.
The death knight reflects your damage back at you!
* * * LOW HITPOINT WARNING * * *
The orc wizard points at you and mumbles some strange words.
The puff of flame hits you. You resist.
* * * LOW HITPOINT WARNING * * *
You block the death knight's attack. The orc warrior barely misses you.
You feel better.
The death knight hits you with a +0 battleaxe.
The orc warrior hits you from afar with a +4 trident.
The cyclops closely misses you.
You are confused.
You feel invigorated.
The orc wizard hits you with a +0 dagger.
A gnoll sergeant comes into view. It is wielding a +0 spear.
The orc warrior hits you from afar with a +4 trident!
* * * LOW HITPOINT WARNING * * *
The death knight closely misses you.
The cyclops hits you but does no damage.
You bump into the stone wall.
The death knight hits you with a +0 battleaxe!!
* * * LOW HITPOINT WARNING * * *
The orc warrior hits you but does no damage.
The gnoll sergeant hits you from afar with a +0 spear.
* * * LOW HITPOINT WARNING * * *
The orc wizard hits you but does no damage.
You fade into invisibility!
The death knight's dark mirror aura disappears.
The orc wizard barely misses you.
The gnoll sergeant hits you from afar with a +0 spear!
* * * LOW HITPOINT WARNING * * *
The orc warrior closely misses you.
The death knight hits you with a +0 battleaxe!!
You die...

#####..#♣...♣#♣...♣#.♣.♣.#.####..
##.....#.............♣.♣.#.# ##.
#....<.#♣...♣#♣...♣#.♣♣♣.#.# ##
.......#♣♣.♣♣ ♣♣.♣♣#.♣ ♣.#.# ####
.......#♣♣.### #.# #♣♣ ♣♣#.###.#.
.......#.♣.♣.# ♣.♣♣# #.##....
.......#♣.♣.♣# ♣.♣.# ##...
.......#.♣.♣.#.♣C♣.# #....
#......#♣.♣.♣#.o@pc# ##...
.......#.♣.♣.#g###o#{ ♣ # #....
.......#♣.♣.♣##{{ ## ♣.#. ##...
........♣♣.♣♣# ♣♣...##....
.......)..⌠..# ....[.#.#.
.......†♣♣.♣♣# ♣......>..
#......#♣.♣.♣ {{ ..#.....##
##.....#.♣ ♣.#{ { #...#.#
....##.#♣ ♣# #...#.#


You could see a death knight (unable to see you), a cyclops (unable to see you),
an orc warrior (unable to see you), a gnoll sergeant (unable to see you), a
centaur (unable to see you) and an orc wizard (invisible, unable to see you).

Vanquished Creatures
  Prince Ribbit (D:6)
  Sigmund (D:3)
  Edmund (D:5)
  Menkaure (D:6)
  4 ice beasts
  A black bear (D:6)
  A sky beast (D:7)
  An ogre (D:6)
  2 centaurs
  2 phantoms
  6 bullfrogs
  2 scorpions (D:6)
  A gnoll bouda (D:7)
  2 hounds
  Natasha (twice) (D:3)
  3 iguanas
  2 orc wizards
  Robin (D:4)
  6 gnolls
  4 adders
  4 river rats (D:6)
  A shadow imp (D:4)
  2 white imps
  7 dart slugs
  19 orcs
  9 endoplasms
  2 giant cockroaches
  20 goblins
  8 hobgoblins
  9 jackals
  4 quokkas
  2 ball pythons
  6 bats
  4 frilled lizards
  9 kobolds
  6 rats
156 creatures vanquished.

Notes
Turn   | Place    | Note
-------+----------+-------------------------------------------
     0 | D:1      | lonewolfV2 the Formicid Fighter began the quest for the
                  | Orb.
     0 | D:1      | Reached XP level 1. HP: 18/18 MP: 1/1
    41 | D:1      | Reached XP level 2. HP: 16/24 MP: 2/2
   193 | D:1      | Reached XP level 3. HP: 26/30 MP: 3/3
   256 | D:1      | Reached skill level 4 in Fighting
   547 | D:1      | Found Boso Hey's Armour Shop.
   941 | D:2      | Found a shadowy altar of Dithmenos.
   982 | D:2      | Reached XP level 4. HP: 23/37 MP: 4/4
  1547 | D:2      | Reached XP level 5. HP: 43/43 MP: 5/5
  2035 | D:3      | Noticed Sigmund
  2050 | D:3      | Killed Sigmund
  2051 | D:3      | Reached skill level 5 in Fighting
  2051 | D:3      | Reached XP level 6. HP: 50/52 MP: 6/6
  2189 | D:3      | Found Ufihyarou's Antique Weapon Shop.
  2471 | D:3      | Noticed Natasha
  2480 | D:3      | Killed Natasha
  2481 | D:3      | Reached skill level 6 in Fighting
  2484 | D:3      | Reached skill level 5 in Axes
  2515 | D:3      | Noticed Natasha
  2524 | D:3      | Killed Natasha
  2525 | D:3      | Reached XP level 7. HP: 48/58 MP: 7/7
  2841 | D:4      | Noticed Robin
  2860 | D:4      | Killed Robin
  3335 | D:5      | Entered Level 5 of the Dungeon
  3430 | D:5      | Noticed Edmund
  3448 | D:5      | Killed Edmund
  3449 | D:5      | Reached skill level 7 in Fighting
  3449 | D:5      | Reached XP level 8. HP: 26/67 MP: 0/8
  3882 | D:5      | Found an ornate altar of the Wu Jian Council.
  3882 | D:5      | Found a basalt altar of Yredelemnul.
  3882 | D:5      | Found a snail-covered altar of Cheibriados.
  4263 | D:5      | Identified a scroll of acquirement
  4263 | D:5      | Acquired 873 gold pieces
  4369 | D:1      | Bought a +1 plate armour of fire resistance for 490 gold
                  | pieces
  4696 | D:6      | Reached skill level 8 in Fighting
  4781 | D:6      | Found a white marble altar of Elyvilon.
  4973 | D:6      | Noticed Menkaure
  4979 | D:6      | Killed Menkaure
  5082 | D:6      | Reached XP level 9. HP: 75/75 MP: 7/9
  5160 | D:6      | Reached skill level 9 in Fighting
  5400 | D:6      | Noticed Prince Ribbit
  5426 | D:6      | Killed Prince Ribbit
  6050 | D:7      | Reached skill level 10 in Fighting
  6223 | D:7      | Noticed a cyclops
  6225 | D:7      | Noticed a cyclops
  6226 | D:7      | Noticed a death knight
  6237 | D:7      | HP: 1/79 [gnoll sergeant/+0 spear (9)]
  6237 | D:7      | Demolished by a death knight

Illustrated notes

Levels and vault maps discovered:
D:1:      dpeg_arrival_leaves_temple_mockup, layout_basic, serial_shops,
          nicolae_shop_advertising_works [nicolae_subvault_shop_adworks],
          minmay_pentomino_t4
D:2:      layout_rooms, basic_altar, palyth_stone_intersect
D:3:      layout_loops_ring, serial_shops, shop, uniq_natasha, uniq_sigmund
D:4:      layout_loops_cross, uniq_robin
D:5:      layout_cave_pools, gammafunk_temple_overflow_claw, serial_bayou,
          serial_bayou_ford_a, serial_bayou_pond_a, serial_bayou_pond_c,
          serial_bayou_lagoon_a, uniq_edmund
D:6:      wad_woods_stonehenge, layout_basic, uniq_prince_ribbit1, uniq_menkaure
D:7:      nzn_winding_woodlands_medium [nzn_winding_woodlands_5x5_cross,
          nzn_winding_woodlands_5x15_pockets, nzn_winding_woodlands_5x5_three,
          nzn_winding_woodlands_5x5_default,
          nzn_winding_woodlands_center_pierced_h,
          nzn_winding_woodlands_5x5_default,
          nzn_winding_woodlands_5x5_open_star,
          nzn_winding_woodlands_5x15_split_checker,
          nzn_winding_woodlands_5x5_default], layout_rooms,
          minmay_temple_entry_junction_2, nrook_mini_vaults, grunt_ogre_cave,
          st_stairs_4, grunt_decor_fettered, grunt_decor_resistance

Skill      XL: |  1  2  3  4  5  6  7  8  9 |
---------------+----------------------------+-----
Fighting       | 4 5 6 7 8 10 | 10.4
Axes           | 3 4 5 6 7 9 |  9.3
Armour         | |  3.2
Shields        | |  4.0

Action                     |  1- 3 |  4- 6 |  7- 9 || total
---------------------------+-------+-------+-------++-------
  Melee: War axe           |    93 |   105 |   211 ||   409
    Use: Scroll            |     5 |     1 |    10 ||    16
         Potion            |       |     1 |     5 ||     6
 Armour: Scale mail        |    68 |    38 |    12 ||   118
         Chain mail        |       |       |    20 ||    20
         Plate armour      |       |       |    63 ||    63
  Dodge: Dodged            |    55 |    33 |    72 ||   160
  Block: Buckler           |    23 |    66 |   131 ||   220
         Reflection        |       |     2 |     5 ||     7
